 Dungeon Crawl Stone Soup version 0.20-a0-2-g2b0e13a (webtiles) character file.

158 JeffiDaFish the Skirmisher (level 5, 0/47 HPs)
             Began as a Hill Orc Fighter on Oct 28, 2016.
             Succumbed to Jarlath's ghost's poison
             ... on level 3 of the Dungeon.
             The game lasted 00:07:14 (3000 turns).

JeffiDaFish the Skirmisher (Hill Orc Fighter)       Turns: 3000, Time: 00:07:15

Health: 0/47       AC:  7    Str: 25    XL:     5   Next: 40%
Magic:  5/5        EV:  7    Int:  8    God:
Gold:   125        SH: 10    Dex: 10    Spells: 0 memorised, 4 levels left

rFire  . . .     SeeInvis .     a - +0 war axe
rCold  . . .     Gourm    .     b - +0 scale mail
rNeg   . . .     Faith    .     c - +0 shield
rPois  .         Spirit   .     (no helmet)
rElec  .         Reflect  .     (no cloak)
rCorr  .         Harm     .     (no gloves)
MR     .....                    (no boots)
Stlth  ..........               (no amulet)
                                (no ring)
                                (no ring)

@: mighty, lethally poisoned (0 -> -23)
A: no striking features
a: no special abilities


You were on level 3 of the Dungeon.
You were not hungry.

You visited 1 branch of the dungeon, and saw 3 of its levels.

You collected 125 gold pieces.

Inventory:

Hand Weapons
 a - a +0 war axe (weapon)
Armour
 b - a +0 scale mail (worn)
 c - a +0 shield (worn)
Wands
 f - a wand of lightning (6/15)
 j - a wand of flame (26/48)
Scrolls
 e - 2 scrolls of remove curse
 h - a scroll of identify
Potions
 i - 2 potions of ambrosia
Comestibles
 g - 7 fruits
 k - 2 chunks of flesh


   Skills:
 + Level 4.7 Fighting
 + Level 4.4 Axes
 + Level 4.2 Armour
 + Level 0.2 Dodging
 + Level 0.6 Stealth
 + Level 3.9 Shields


You had 4 spell levels left.
You didn't know any spells.

Dungeon Overview and Level Annotations

Branches:
Dungeon (3/15)

Altars:
Fedhas
Vehumet

Annotations:
D:2 exclusion: oklob plant
D:3 Jarlath's ghost, amateur DEIE


Message History

You slash Jarlath's ghost!
Jarlath's ghost is severely damaged.
You closely miss the rat.
* * * LOW HITPOINT WARNING * * *
You feel very sick.
Jarlath's ghost points at you and mumbles some strange words.
You are frozen.
* * * LOW HITPOINT WARNING * * *
The rat closely misses you.
You closely miss Jarlath's ghost.
Jarlath's ghost is severely damaged.
You hit the rat.
You kill the rat!
* * * LOW HITPOINT WARNING * * *
You feel sick.
Jarlath's ghost hits you but does no damage.
You block Jarlath's ghost's attack.
You barely miss Jarlath's ghost.
Jarlath's ghost is severely damaged.
You die...

.... ...###+######
........... #
#+##......... ..
#.##.........
...#########.##)........
........................
......†....(###.........
......W@....# #.........
..........<.############
....................####
....###+#####>......#...
... #.......#... ..
#........... .
#...........
#...........
#........###


You could see Jarlath's ghost.

Vanquished Creatures
  A bullfrog (D:3)
  5 adders
  A worm (D:2)
  5 dart slugs
  4 bats
  3 giant cockroaches
  6 goblins
  5 hobgoblins
  6 kobolds
  2 quokkas (D:2)
  A frilled lizard (D:2)
  2 rats
  9 fungi (D:2)
  5 plants (D:2)
55 creatures vanquished.

Vanquished Creatures (others)
  13 toadstools (D:2)
13 creatures vanquished.

Grand Total: 68 creatures vanquished

Notes
Turn   | Place    | Note
-------+----------+-------------------------------------------
     0 | D:1      | JeffiDaFish the Hill Orc Fighter began the quest for the Orb.
     0 | D:1      | Reached XP level 1. HP: 19/19 MP: 1/1
   296 | D:1      | Reached XP level 2. HP: 23/27 MP: 2/2
  1034 | D:2      | Reached XP level 3. HP: 30/33 MP: 3/3
  1326 | D:2      | Reached XP level 4. HP: 38/40 MP: 4/4
  2018 | D:2      | Found a blossoming altar of Fedhas.
  2031 | D:2      | Noticed an oklob plant
  2565 | D:3      | Found a radiant altar of Vehumet.
  2592 | D:3      | Noticed a bullfrog
  2611 | D:3      | Killed a bullfrog
  2611 | D:3      | Reached XP level 5. HP: 18/47 MP: 5/5
  2986 | D:3      | Noticed Jarlath's ghost (amateur DEIE)
  3000 | D:3      | Succumbed to Jarlath's ghost's poison

Vault maps used:
D:1:      dpeg_arrival_fog, minmay_liquid_box
D:2:      tgw_fedhas
D:3:      vehumet_crystals, minmay_misc_feat_room

Skill      XL: |  1  2  3  4 |
---------------+-------------+-----
Axes           | 3 4 |  4.4
Fighting       | 4 |  4.7
Armour         | 4 |  4.2
Dodging        | |  0.2
Stealth        | |  0.6
Shields        | |  3.9

Action                   |  1- 3 |  4- 6 || total
-------------------------+-------+-------++-------
Melee: War axe           |    85 |   194 ||   279
  Use: Potion            |     2 |     2 ||     4
       Scroll            |     6 |       ||     6
  Eat: Chunk             |     1 |     2 ||     3
       Bread ration      |       |     1 ||     1
Armor: Scale mail        |    29 |    49 ||    78
Dodge: Dodged            |    19 |    38 ||    57
Block: Shield            |    34 |    51 ||    85
